Map: Rainfall LE

Players

반포골드핑거

  • Race: Zerg Zerg
  • League: Master

SialicAcid - Winner!

  • Race: Terran Terran
  • League: Diamond

VOD

Have the link to the VOD?

Description

Time

  • Played on: Sept. 23, 2026, 4:11 p.m.
  • Length: 15:43
Show
View Real Time Build Order
Export as new Build Order

반포골드핑거 Zerg 

Build Orders: Hatch First 

Get SALT Encoding   

  12  0:00  Drone  
  13  0:12  Overlord  
  13  0:16  Drone  
  14  0:30  Drone x2  
  16  0:37  Drone  
  17  0:52  Hatchery  
  17  0:54  Drone  
  18  0:57  Drone  
  18  1:08  Extractor  
  18  1:10  Spawning Pool  
  16  1:13  Drone  
  16  1:18  Drone  
  18  1:29  Drone  
  19  1:40  Drone  
  20  1:49  Drone  
  21  2:03  Queen x2  
  21  2:04  Zergling x4  
  27  2:14  Hatchery  
  26  2:18  Metabolic Boost  
  26  2:22  Drone  
  27  2:25  Drone  
  27  2:29  Overlord  
  28  2:35  Overlord  
  28  2:44  Overlord  
  28  2:50  Overlord  
  28  2:51  Drone x2  
  28  2:56  Drone  
  31  2:59  Drone  
  31  3:04  Queen  
  31  3:05  Drone  
  35  3:08  Drone  
  35  3:11  Drone  
  35  3:12  Drone  
  38  3:13  Drone  
  38  3:15  Drone  
  38  3:18  Drone  
  41  3:21  Drone  
  41  3:22  Drone  
  43  3:28  Queen  
  45  3:36  Queen  
  45  3:39  Zergling x4  
  45  3:40  Zergling x2  
  50  3:42  Zergling x2  
  50  3:46  Drone x2  
  50  3:48  Drone  
  54  3:52  Drone x3  
  57  3:55  Drone x2  
  57  3:58  Drone  
  57  4:01  Drone  
  57  4:02  Drone  
  62  4:09  Queen  
  64  4:11  Overlord x2  
  64  4:22  Overlord x2  
  64  4:24  Lair  
  64  4:31  Drone x7  
  71  4:32  Drone  
  71  4:36  Baneling Nest  
  71  4:41  Drone x4  
  75  4:47  Extractor  
  75  4:48  Extractor  
  75  4:49  Extractor  
  75  4:52  Extractor  
  71  4:54  Overlord x2  
  71  4:55  Zergling x14  
  78  5:03  Drone x2  
  80  5:08  Drone  
  80  5:10  Evolution Chamber x2, Spore Crawler  
  80  5:12  Spore Crawler  
  80  5:13  Drone x2, Spore Crawler  
  78  5:20  Drone x7  
  85  5:25  Drone x5  
  89  5:36  Overlord x2  
  89  5:40  Drone  
  89  5:41  Centrifugal Hooks  
  89  5:42  Baneling x5  
  90  5:43  Zergling x2  
  91  5:56  Zergling x18  
  92  6:11  Baneling x7  
  92  6:13  Zergling x10  
  94  6:22  Zergling x8  
  94  6:24  Queen x3  
  92  6:27  Zergling x2  
  92  6:28  Zergling x8  
  92  6:32  Zergling x2  
  93  6:39  Hatchery  
  85  6:44  Baneling x11  
  85  6:45  Zergling x8  
  87  6:52  Zergling x4  
  89  6:57  Zergling x8  
  89  7:00  Queen  
  86  7:08  Zergling x6  
  86  7:18  Queen x2  
  86  7:19  Zerg Melee Weapons Level 1, Zerg Ground Armor Level 1  
  90  7:31  Zergling x12  
  96  7:37  Drone x2  
  96  7:41  Baneling  
  96  7:42  Baneling x12  
  98  7:46  Hatchery  
  97  7:51  Overseer  
  97  7:57  Hydralisk Den  
  95  7:59  Zergling x20  
  105  8:13  Overseer  
  105  8:16  Zergling x12  
  105  8:18  Spore Crawler  
  110  8:20  Overlord x5  
  110  8:25  Baneling x10  
  109  8:33  Spore Crawler  
  109  8:34  Spore Crawler  
  93  8:49  Zergling x32  
  102  8:59  Zergling x2  
  98  9:06  Hydralisk x4  
  102  9:11  Zergling x6  
  97  9:18  Zergling x2  
  97  9:24  Drone x3  
  101  9:27  Baneling x14  
  101  9:28  Baneling  
  101  9:29  Baneling  
  101  9:32  Hatchery  
  100  9:39  Hydralisk x3  
  100  9:43  Overseer  
  106  9:54  Overseer  
  106  9:57  Drone x9  
  115  10:03  Spore Crawler  
  115  10:05  Zerg Ground Armor Level 2  
  114  10:14  Extractor  
  114  10:15  Muscular Augments  
  114  10:18  Drone x4  
  117  10:31  Hydralisk x4  
  125  10:42  Zergling x4  
  114  10:55  Zergling x32  
  114  11:02  Zergling x4  
  108  11:15  Drone x5  
  113  11:19  Grooved Spines  
  111  11:30  Hydralisk x9  
  127  11:39  Zergling x14  
  107  11:51  Hydralisk x6  
  113  11:54  Drone x2  
  113  12:04  Zerg Missile Weapons Level 1  
  113  12:06  Baneling x14  
  113  12:14  Zergling x10  
  118  12:16  Overlord x3  
  118  12:24  Hatchery  
  117  12:34  Lurker Den  
  116  12:41  Overseer  
  113  12:45  Zergling x2  
  113  12:46  Zergling x30  
  129  12:52  Drone x5  
  129  12:54  Drone  
  134  13:00  Zergling x10  
  123  13:14  Zergling x12  
  123  13:15  Zergling x8  
  125  13:22  Baneling x14  
  125  13:32  Infestation Pit  
  124  13:35  Zergling x16  
  132  13:43  Drone x5  
  132  13:46  Extractor  
  132  13:47  Extractor  
  135  13:51  Drone x9  
  144  14:00  Zergling x2, Hydralisk  
  147  14:04  Overlord x3  
  147  14:07  Extractor  
  137  14:24  Zergling x38  
  128  14:31  Zergling x10  
  128  14:32  Zergling x2  
  112  14:40  Pneumatized Carapace  
  112  14:42  Hydralisk x6  
  111  14:56  Hydralisk x2  
  111  14:57  Hydralisk x3  
  107  15:05  Baneling x9  
  104  15:11  Zergling x14  
  104  15:17  Hydralisk x3  
Show
View Real Time Build Order
Export as new Build Order

SialicAcid Terran - Winner!

Build Orders:  

Get SALT Encoding   

  12  0:01  SCV  
  13  0:13  SCV  
  14  0:19  Supply Depot  
  14  0:26  SCV  
  15  0:41  SCV  
  16  0:43  Barracks  
  16  0:47  Refinery  
  16  0:53  SCV  
  17  1:05  SCV  
  18  1:17  SCV  
  19  1:30  Barracks Reactor  
  19  1:31  Orbital Command  
  19  1:40  Command Center  
  19  1:50  Supply Depot  
  19  1:56  SCV  
  20  2:05  Marine  
  20  2:06  Marine  
  22  2:08  SCV  
  23  2:20  SCV  
  23  2:21  Refinery  
  24  2:24  Marine  
  24  2:25  Marine  
  24  2:28  Supply Depot  
  26  2:33  SCV  
  26  2:36  Barracks  
  27  2:42  Marine  
  27  2:43  Marine  
  29  2:44  Barracks  
  29  2:46  SCV  
  30  2:55  Orbital Command  
  30  2:59  SCV  
  30  3:04  Engineering Bay  
  31  3:07  Marine  
  31  3:09  Marine  
  33  3:13  SCV  
  34  3:22  Factory  
  34  3:24  Barracks Tech Lab  
  34  3:28  Marine  
  34  3:32  Terran Infantry Weapons Level 1  
  34  3:34  Barracks Tech Lab  
  35  3:37  SCV  
  35  3:38  SCV  
  37  3:45  Stimpack  
  37  3:46  Marine  
  37  3:47  Marine  
  39  3:49  Marine  
  39  3:51  Combat Shield  
  39  3:55  SCV  
  41  3:58  SCV  
  41  3:59  Marine  
  43  4:06  Factory Reactor  
  43  4:07  Starport, Marine  
  44  4:14  Marine x2  
  44  4:17  Marine  
  46  4:19  SCV x2  
  46  4:22  Supply Depot  
  49  4:28  Marine, Supply Depot  
  50  4:31  SCV  
  50  4:32  Marine  
  52  4:40  Marine x2  
  54  4:45  Marine  
  54  4:49  SCV x2, Marine  
  54  4:50  Medivac  
  54  4:51  Factory Tech Lab, Medivac  
  62  4:59  Supply Depot  
  62  5:01  SCV  
  62  5:03  Supply Depot, Marine  
  62  5:04  Marine  
  65  5:10  Siege Tank  
  65  5:13  SCV  
  65  5:14  SCV  
  70  5:23  Marine  
  70  5:24  Marine x3  
  70  5:25  Medivac, SCV  
  77  5:29  SCV  
  78  5:37  Concussive Shells  
  78  5:38  SCV  
  78  5:41  Supply Depot  
  79  5:45  Marine x2  
  79  5:46  Marauder  
  81  6:04  Supply Depot  
  77  6:26  Marine x4  
  68  6:36  Medivac x2  
  68  6:37  SCV x2  
  73  6:41  Command Center  
  73  6:42  Barracks, Armory  
  73  6:43  Barracks, Engineering Bay, Marine  
  73  6:44  Marine x3  
  77  6:48  Terran Infantry Armor Level 1  
  77  6:49  SCV  
  77  6:52  Refinery  
  78  6:56  SCV  
  79  7:01  Marine x2  
  78  7:14  Marine  
  78  7:15  Marine  
  74  7:17  Liberator  
  74  7:19  Marine  
  74  7:20  Supply Depot  
  74  7:22  Supply Depot  
  78  7:26  Marine  
  79  7:32  Supply Depot, Marine  
  79  7:33  Marauder, Barracks Reactor  
  82  7:37  Marine, Refinery  
  82  7:38  Barracks Reactor  
  83  7:51  Marine x2  
  83  7:54  Marine  
  83  7:55  Marine  
  87  7:58  Siege Tank  
  87  7:59  Command Center  
  90  8:09  Marine x2  
  90  8:11  Marine  
  93  8:12  Marine  
  93  8:16  Marine x4  
  93  8:18  Orbital Command  
  93  8:19  SCV  
  100  8:20  SCV  
  100  8:26  Marine  
  100  8:27  Marine  
  100  8:29  Marine  
  100  8:30  Marine  
  100  8:31  SCV  
  105  8:34  Marine x3  
  105  8:40  Marine  
  109  8:41  Medivac x2  
  109  8:42  SCV  
  109  8:43  SCV  
  109  8:44  Marine x2  
  109  8:47  Marine  
  109  8:48  Marine  
  118  8:52  Marine x2  
  118  8:54  SCV  
  122  8:56  SCV  
  122  9:02  Marine x2  
  105  9:03  SCV  
  105  9:06  SCV  
  105  9:08  SCV  
  97  9:14  Medivac x2  
  97  9:15  SCV  
  87  9:18  SCV  
  87  9:20  SCV, Marine x7  
  96  9:25  Refinery  
  96  9:27  Drilling Claws, SCV  
  96  9:28  Widow Mine  
  96  9:30  SCV  
  100  9:32  Factory  
  100  9:34  Refinery  
  100  9:35  SCV  
  101  9:39  SCV  
  101  9:41  Marine  
  101  9:43  Marauder  
  101  9:44  Marauder  
  101  9:45  SCV  
  108  9:47  SCV  
  108  9:49  Marine x2  
  108  9:50  Widow Mine, Marine  
  108  9:52  Terran Infantry Weapons Level 2  
  114  9:55  Terran Infantry Armor Level 2  
  114  9:57  Sensor Tower  
  114  10:17  Marine x7  
  114  10:18  Marine, Planetary Fortress  
  114  10:19  SCV x3  
  125  10:21  Factory Reactor  
  125  10:25  Medivac  
  125  10:28  Widow Mine  
  129  10:33  Barracks  
  129  10:34  Barracks  
  129  10:35  Marine x2  
  118  10:56  Marine x4  
  93  10:57  Marauder x2  
  92  11:10  Marine x2  
  98  11:11  Widow Mine x3  
  98  11:14  Marine  
  98  11:15  SCV  
  98  11:16  SCV x2  
  98  11:17  Barracks  
  104  11:19  Marauder, SCV, Barracks  
  104  11:21  Barracks  
  104  11:24  Marine x3  
  110  11:26  Barracks Tech Lab, Barracks Reactor  
  110  11:27  Medivac  
  110  11:28  Medivac, SCV x3  
  110  11:31  SCV  
  121  11:33  Widow Mine x2, Marine x2  
  116  11:40  SCV  
  116  11:44  Marine x7  
  109  11:48  SCV x3  
  109  11:51  Marine  
  109  11:52  SCV  
  111  11:57  Marine  
  111  11:59  Widow Mine x3, Medivac x2  
  111  12:00  SCV x2  
  111  12:01  SCV  
  125  12:02  Marine x4  
  125  12:03  Marauder x3  
  135  12:09  Marine  
  135  12:12  Marine x2  
  135  12:15  Marine, Refinery  
  139  12:17  Command Center  
  139  12:18  Refinery  
  139  12:19  Ghost Academy  
  139  12:20  Widow Mine x2, Marine x3  
  139  12:21  Marine  
  147  12:26  SCV  
  148  12:34  Supply Depot  
  148  12:35  Supply Depot  
  148  12:54  Marine x2  
  148  12:55  Marauder  
  148  12:56  Marine x5, Marauder, Widow Mine  
  148  12:57  Supply Depot, Widow Mine x2, Marauder  
  148  12:58  Supply Depot  
  146  13:16  Marauder  
  146  13:17  Marauder  
  146  13:18  Widow Mine  
  144  13:23  Marine x8  
  144  13:24  Marauder  
  144  13:25  Widow Mine x2  
  157  13:31  SCV x3  
  157  13:32  SCV  
  155  13:35  Medivac x2  
  155  13:38  Marauder  
  155  13:39  Marauder  
  155  13:41  Marine x8  
  163  13:45  Marauder  
  173  13:55  Widow Mine x3  
  179  13:59  Marine x2, Marauder  
  183  14:04  Marine  
  183  14:05  Marine x5  
  183  14:06  Marauder  
  183  14:07  Marauder  
  193  14:16  Widow Mine x2  
  188  14:28  Marine x11  
  163  14:40  Medivac x2  
  167  14:45  Marine  
  167  14:46  Marine x7, Marauder x3  
  169  15:02  Widow Mine x3  
  169  15:03  Marine x4, Planetary Fortress  
  169  15:04  Marine x2  
  169  15:05  SCV x4  
  185  15:08  Marauder x2  
  185  15:09  Medivac  
  190  15:17  SCV  
  190  15:22  Marine x9  
Tags
 
Add a new tag
Caveats
  • Supply blocks, unpowered buildings, or Contaminate may cause inaccurate times.
  • Supply counts are checked every 10 seconds.